 Dungeon Crawl Stone Soup version 0.30-a0-360-g447f08457e (webtiles) character file.

Game seed: 15594310762868862751

217768 Angani the Bewitcher (level 18, 0/226 (235) HPs)
             Began as a White Draconian Reaver on Nov 13, 2022.
             Was the Champion of Ru.
             Slain by a spectral culicivora (11 damage)
             ... on level 4 of the Spider Nest on Nov 14, 2022.
             The game lasted 02:29:05 (43195 turns).

Angani the Bewitcher (White Draconian Reaver)      Turns: 43195, Time: 02:29:06

HP:   0/226 (235)   AC: 36    Str: 17    XL:     18   Next: 39%
MP:   25/36         EV:  2    Int: 21    God:    Ru [******]
Gold: 2607          SH:  0    Dex: 14    Spells: 11/45 levels left

rFire   . . .      SeeInvis +    E - +8 rapier of Wupnaethroa {protect, Fly rPois Str+2 Dex+4}
rCold   . . .      Faith    .    (shield unavailable)
rNeg    . . .      Spirit   .    (body armour unavailable)
rPois   +          Reflect  .    (helmet currently unavailable)
rElec   .          Harm     .    (cloak currently unavailable)
rCorr   .          Rampage  .    (gloves currently unavailable)
Will    +....      NoTele   +    (boots currently unavailable)
Stlth   ++++......               D - amulet of magic regeneration
HPRegen 0.57/turn                (ring unavailable)
MPRegen 0.65/turn                h - ring of see invisible

@: exhausted, tree-form, under a protective aura, hasted and slowed, lightly
drained, unable to drink
A: stationary, stasis, torment immunity, boosted hp, (breathe frost), AC +10,
unfitting armour, (cold resistance 1), (cold-blooded), inability to drink after
injury 2, missing a hand, inability to use devices
}: 1/15 runes: decaying
a: Renounce Religion, Draw Out Power, Power Leap, Apocalypse


You were on level 4 of the Spider Nest.
You worshipped Ru.
Ru was exalted by your worship.
You were a tree.
You visited 6 branches of the dungeon, and saw 31 of its levels.
You visited the Abyss 1 time.
You also visited: Sewer, Ice Cave and Volcano.

You collected 4379 gold pieces.
You spent 1772 gold pieces at shops.

Inventory:

Hand Weapons
 a - a -2 demon whip of venom
 E - the +8 rapier of Wupnaethroa (weapon) {protect, Fly rPois Str+2 Dex+4}
   (You found it on level 9 of the Dungeon)

   It grants its wielder temporary protection when it strikes (+7 to AC).
   Str:       It affects your strength (+2).
   Dex:       It affects your dexterity (+4).
   rPois:     It protects you from poison.
   Fly:       It grants you flight.
 G - the +7 war axe of Dishonour {vorpal, rElec rN+++ Str-4 Int-4}
   (You found it on level 1 of the Spider Nest)

   It inflicts extra damage upon your enemies.
   Str:       It affects your strength (-4).
   Int:       It affects your intelligence (-4).
   rElec:     It insulates you from electricity.
   rN:        It renders you almost immune to negative energy.
Armour
 c - a +2 pair of gloves of stealth (melded)
 m - the +0 hat "Himune" {Regen+ rCorr Int-5}
   (You found it on level 2 of the Dungeon)

   Int:       It affects your intelligence (-5).
   Regen:     It increases your rate of health regeneration.
   rCorr:     It protects you from acid and corrosion.
 F - a +2 pair of boots (melded)
 I - a +2 cloak of fire resistance (melded)
 N - a +1 hat (melded)
Jewellery
 d - a ring of wizardry
 h - a ring of see invisible (right branch)
 r - a ring of willpower
 s - a +4 ring of evasion
 v - a +6 ring of dexterity
 D - an amulet of magic regeneration (around neck)
 J - a ring of poison resistance
 M - the ring of Vanity {Ice rN+ Int-2 Stlth+}
   (You took it off Sonja on level 5 of the Lair of Beasts)

   [ring of ice]

   It enhances your ice magic.
   Int:       It affects your intelligence (-2).
   rF:        It makes you vulnerable to fire.
   rC:        It protects you from cold.
   rN:        It protects you from negative energy.
   Stlth:     It makes you more stealthy.
 Q - a ring of positive energy
Scrolls
 b - a scroll of brand weapon
 f - 4 scrolls of enchant armour
 g - 6 scrolls of amnesia
 i - 11 scrolls of teleportation
 o - 6 scrolls of enchant weapon
 p - 6 scrolls of magic mapping
 t - a scroll of torment
 x - 8 scrolls of butterflies
 y - 5 scrolls of fear
 K - 4 scrolls of vulnerability
 L - 5 scrolls of poison
 O - 7 scrolls of identify
 P - a scroll of immolation
Potions
 e - 3 potions of haste
 j - 4 potions of invisibility
 k - 6 potions of brilliance
 l - 7 potions of curing
 n - 4 potions of ambrosia
 q - 3 potions of attraction
 u - 5 potions of magic
 w - 5 potions of lignification
 z - 5 potions of resistance
 A - 7 potions of might
 B - 2 potions of heal wounds
 C - 5 potions of cancellation
 H - 2 potions of mutation


   Skills:
 * Level 13.3 Fighting
 - Level 14.0 Short Blades
 - Level 8.2 Maces & Flails
 - Level 10.0 Dodging
 - Level 10.0 Stealth
 - Level 14.3 Spellcasting
 + Level 4.3 Conjurations
 - Level 16.2 Hexes
 - Level 5.6 Necromancy
 + Level 3.7 Ice Magic
 + Level 2.9 Air Magic


You had 11 spell levels left.
You knew the following spells:

 Your Spells              Type           Power      Damage    Failure   Level
a - Kiss of Death         Conj/Necr      100%       2d13      1%          1
b - Momentum Strike       Conj/Tloc      48%        3d9       2%          2
c - Tukima's Dance        Hex            70%        N/A       0%          3
d - Blink                 Tloc           30%        N/A       6%          2
e - Anguish               Hex/Necr       28%        N/A       1%          4
f - Cause Fear            Hex            35%        N/A       1%          4
g - Enfeeble              Hex            35%        N/A       4%          7
h - Ensorcelled Hibernat  Hex/Ice        100%       N/A       1%          2
i - Freezing Cloud        Conj/Ice/Air   15%        6-21      26%         5
j - Dispel Undead         Necr           38%        3d16      4%          4

Your spell library contained the following spells:

 Spells                   Type           Power      Damage    Failure   Level
 Cigotuvi's Dreadful Rot  Necr/Pois/Air  54%        N/A       1%          2
 Portal Projectile        Hex/Tloc       98%        N/A       1%          3
 Fulminant Prism          Conj/Hex       27%        3d14      1%          4
 Hailstorm                Conj/Ice       32%        3d8       2%          3
 Kindle Blastsparks       Fire/Tloc/Air  38%        2d13      9%          3
 Gell's Gravitas          Tloc           15%        N/A       12%         3
 Ignite Poison            Fire/Tmut/Pois 15%        N/A       12%         3
 Lesser Beckoning         Tloc           30%        N/A       12%         3
 Spider Form              Tmut/Pois      15%        N/A       12%         3
 Teleport Other           Tloc           15%        N/A       12%         3
 Iskenderun's Mystic Bla  Conj/Tloc      24%        2d7       17%         4
 Manifold Assault         Tloc           15%        N/A       38%         4
 Death Channel            Necr           19%        N/A       54%         6
 Blade Hands              Tmut           7%         N/A       75%         5
 Lee's Rapid Deconstruct  Erth           7%         3d7*      75%         5
 Dragon Form              Tmut           7%         N/A       100%        7
 Storm Form               Tmut/Air       10%        N/A       100%        7
 Dragon's Call            Summ           7%         N/A       100%        9


Dungeon Overview and Level Annotations

Branches:
Dungeon (15/15)            Temple (0/1) D:5            Lair (5/5) D:11
  Swamp (4/4) Lair:2       Spider (4/4) Lair:2        Slime (0/5) Lair:4
    Orc (2/2) D:11            Elf (1/3) Orc:2        Vaults (0/5) D:13
 Depths (0/4) D:15          Sewer (visited)           IceCv (visited)
Volcano (visited)

Altars:
Cheibriados
Gozag
Hepliaklqana
Makhleb
Nemelex Xobeh
Okawaru
Qazlal
Ru
Trog
Uskayaw
Vehumet
Wu Jian

Shops:
D:6 [   D:8 :   Orc:1 [   Orc:2 *((*

Annotations:
D:7 3 runed translucent doors, ouz's ghost, novice DsBr
D:9 1 runed translucent door, gabibbone's ghost, novice TrFi
D:11 3 runed translucent doors, Beffaegu's ghost, journeyman HOFi; Lufrif's ghost, novice DsIE
Lair:4 2 transporters, ouz's ghost, journeyman DsIE
Swamp:4 3 runed translucent doors, Iffo Ott's ghost, adept MiBe


Innate Abilities, Weirdness & Mutations

You are a tree.
Your roots penetrate the ground, keeping you stationary.
You cannot be teleported.
You are immune to unholy pain and torment.
Your maximum health is greatly increased.
Your equipment is partially melded.
((You can breathe waves of freezing cold which knock back foes.))
((Your icy white scales are hard. (AC +10)))
You cannot fit into any form of body armour.
((Your flesh is cold resistant. (rC+)))
((You are cold-blooded and may be slowed by cold attacks.))
You sometimes lose the ability to drink potions when taking damage.
You are missing a hand.
You cannot study or use magical devices.


Message History

The death scarab bites you!
* * * LOW HITPOINT WARNING * * *
The death scarab draws strength from your injuries!
The death scarab bites you.
* * * LOW HITPOINT WARNING * * *
The death scarab draws strength from your injuries!
The tarantella zombie hits you.
* * * LOW HITPOINT WARNING * * *
Unknown command.
Unknown command.
The death scarab bites you.
* * * LOW HITPOINT WARNING * * *
The death scarab drains your vigour!
You feel as though you will be slow longer.
The death scarab draws strength from your injuries!
You redirect the spectral redback's attack!
The spectral redback closely misses the death scarab.
The death scarab bites you!
* * * LOW HITPOINT WARNING * * *
The death scarab draws strength from your injuries!
The death scarab bites you!
* * * LOW HITPOINT WARNING * * *
The death scarab drains your vigour!
You feel as though you will be slow longer.
The death scarab draws strength from your injuries!
The spectral culicivora bites you but does no damage.
The broodmother zombie bites you!
* * * LOW HITPOINT WARNING * * *
The tarantella zombie hits you but does no damage. x2
The death scarab bites you!
* * * LOW HITPOINT WARNING * * *
The death scarab draws strength from your injuries!
The spectral redback bites you but does no damage.
Unknown command.
Okay, then.
Unknown command.
Unknown command.
As you read the scroll of summoning, it crumbles to dust.
Wisps of shadow whirl around you... The spectral culicivora bites you!
You die...

##....#..†......^........^..~~.##
##~....###################.#~~.##
##~~.[.# #.~~~.## #~~~..#
#.~~..## #~#~..# #~~...## #~~~..#
###+++++### ##~...## #~~...#
#.^B.w^s..# #~~...## #~.#..#
#...ZZZ..^# #~~~#.# #~....#
#s.BB♣BB..# #~~~..# #.....#
#.s.BZZZ.?# #~~~..# #.^...#
#...BZBZ..# #.~~~.#
#..#^~#...#$.s.[.[.!# ##.~~.#
#....~#...#^#######^# #..~~.#
#^..~~#...#!


$Z! $#.. #..~#~# #^..~##...###########.Z #..~~~# #...~†#...^s#~~..#~..s. #...~~#
##.~~~#.#.^s~#~.~~~.s.y #..#.~# You could see a spectral wolf spider, 2 spectral
redbacks, 2 spectral culicivoras, 6 death scarabs, 3 tarantella zombies, a
broodmother zombie, a friendly entropy weaver (summoned), a friendly steelbarb
worm (summoned), a friendly wolf spider (summoned), a friendly culicivora
(summoned, wandering), a friendly pharaoh ant (summoned) and 2 friendly
redbacks.

Vanquished Creatures
  A bone dragon (Swamp:4)
  Rupert (Lair:5)
  Jorgrun (D:15)
  2 thorn hunters (Swamp:2)
  Agnes (D:15)
  2 fenstrider witches
  6 emperor scorpions
  2 frost giants (IceCv)
  Louise (Swamp:4)
  A ghost moth (Spider:3)
  A broodmother (Lair:2)
  2 ghouls (Swamp:1)
  A deep elf demonologist (Elf:1)
  4 bunyips
  7 eleionomae
  A white draconian (IceCv)
  5 spark wasps
  An ettin (Orc:2)
  Josephine (Lair:4)
  4 vault guards (D:13)
  6 ironbound frosthearts (IceCv)
  4 centaur warriors
  2 catoblepae
  8 ice dragons
  2 ghost crabs (Swamp:4)
  6 alligators
  2 jorogumos
  8 hydras
  3 tengu warriors
  8 boulder beetles
  4 two-headed ogres
  3 dancing weapons (Elf:1)
  A death scarab (Spider:2)
  4 death yaks (Lair:2)
  3 deep elf knights (Elf:1)
  3 orc high priests (Orc:2)
  Sonja (Lair:5)
  A fire crab (Volcano)
  4 skeletal warriors (D:11)
  Amaemon (Lair:1)
  2 sun moths
  3 swamp dragons
  9 pharaoh ants
  10 steelbarb worms
  A death drake (Swamp:4)
  3 spriggan druids
  4 spectral hydras (Swamp:4)
  3 goliath frogs
  8 bog bodies
  An orange crystal statue (IceCv)
  2 wizards (D:15)
  4 deep elf archers (Elf:1)
  8 orb spiders
  A phantasmal warrior (Swamp:4)
  2 lindwurms
  11 deep elf pyromancers
  5 orc sorcerers
  6 deep elf zephyrmancers (Elf:1)
  4 orc knights (Orc:2)
  23 wolf spiders
  3 manticores
  3 will-o-the-wisps
  A necromancer (D:15)
  3 cyclopes
  4 moths of wrath
  16 ugly things
  A guardian serpent (Lair:5)
  A centaur zombie (D:15)
  10 elephants
  5 black mambas (Lair:5)
  A black mamba (shapeshifter) (D:13)
  2 centaur skeletons (D:15)
  An orange demon (Lair:1)
  A molten gargoyle (D:14)
  A naga mage (D:15)
  8 torpor snails
  2 spectral redbacks (Spider:4)
  2 unseen horrors
  17 demonic crawlers
  2 swamp worm zombies (Swamp:4)
  11 cane toads
  8 komodo dragons
  6 rime drakes
  15 polar bears
  2 burning bushes (Lair:5)
  2 tengu conjurers
  A meliai (Spider:2)
  A spectral jumping spider (Spider:4)
  A bloated husk (Swamp:4)
  7 trolls
  17 hornets
  7 tyrant leeches
  4 hydra zombies (Swamp:4)
  2 spectral swamp dragons (Swamp:4)
  2 tarantella zombies (Spider:4)
  A jumping spider zombie (Spider:4)
  31 tarantellas
  8 blink frogs
  6 alligator zombies (Swamp:4)
  9 dream sheep
  12 slime creatures
  22 jumping spiders
  28 culicivoras
  6 spriggans (Swamp:2)
  2 shadows
  A yak (shapeshifter) (Elf:1)
  13 wyverns
  2 centaur simulacra (D:15)
  5 wraiths
  5 basilisks
  10 fire bats
  4 steam dragons
  20 yaks
  Grum (D:8)
  29 redbacks
  18 vampire mosquitoes
  A harpy simulacrum (D:15)
  11 swamp worms
  3 acid dragons
  19 water moccasins
  3 swamp dragon zombies (Swamp:4)
  A hell hound (D:13)
  2 swamp drakes
  19 orc warriors
  3 ice beasts
  A sky beast (D:6)
  3 black bears
  12 ogres
  7 wolves
  9 centaurs
  3 boggarts (D:15)
  6 kobold brigands
  4 phantoms
  8 gnoll sergeants
  6 bullfrogs
  2 necrophages
  3 scorpions
  12 wights
  Dowan (D:5)
  An oklob sapling (D:5)
  7 killer bees
  5 howler monkeys
  A crimson imp (D:6)
  3 hounds
  2 lava snakes (D:13)
  14 orc priests
  10 jellies
  2 gnoll boudas (D:7)
  4 iguanas
  19 orc wizards
  2 hell rats (Lair:3)
  11 adders
  23 gnolls
  2 swamp drake zombies (Swamp:4)
  12 river rats
  2 shadow imps (D:7)
  2 white imps
  An ufetubus (D:5)
  2 worms
  2 dart slugs (D:2)
  73 orcs
  13 ball pythons
  6 endoplasms
  14 giant cockroaches
  9 hobgoblins
  4 jackals (D:4)
  6 quokkas
  4 bats
  9 frilled lizards
  11 goblins
  17 kobolds
  12 rats
  2 fire vortices (D:13)
1078 creatures vanquished.

Vanquished Creatures (collateral kills)
  A deep elf zephyrmancer (Elf:1)
  A basilisk (D:11)
  3 orc warriors
  A wolf (D:8)
  2 ogres
  A centaur (D:11)
  3 wights
  An orc wizard (Orc:2)
  A gnoll (D:7)
  5 orcs
19 creatures vanquished.

Vanquished Creatures (others)
  Frances (Swamp:1)
  A hydra (Lair:2)
  A centaur warrior (D:15)
  An ice dragon (IceCv)
  A two-headed ogre (D:11)
  An orb spider (Spider:4)
  A swamp dragon (Swamp:2)
  A wolf spider (Lair:5)
  3 deep elf pyromancers (Elf:1)
  A wizard (D:4)
  A black mamba (Lair:5)
  2 cane toads (Lair:5)
  27 dancing weapons
  A demonic crawler (Spider:2)
  A komodo dragon (D:11)
  9 bloated husks
  A tarantella (Spider:1)
  A tyrant leech (Lair:5)
  2 hornets
  A dream sheep (Lair:4)
  4 yaks
  2 wraiths
  A redback (Spider:2)
  Duvessa (D:5)
  A centaur (D:11)
  2 phantoms (Swamp:4)
  3 wights
  An orc (Orc:2)
  A frilled lizard (Sewer)
  2 kobolds (D:9)
  2 bushes (Lair:5)
  A fire vortex (D:13)
  8 foxfires
  48 fungi
  87 plants
222 creatures vanquished.

Grand Total: 1319 creatures vanquished

Notes
Turn   | Place    | Note
-------+----------+-------------------------------------------
     0 | D:1      | Angani the Draconian Reaver began the quest for the Orb.
     0 | D:1      | Reached XP level 1. HP: 17/17 MP: 3/3
    45 | D:1      | Reached XP level 2. HP: 6/26 MP: 3/5
   276 | D:1      | Reached XP level 3. HP: 25/33 MP: 6/6
   886 | D:2      | Learned a level 2 spell: Momentum Strike
   890 | D:2      | Learned a level 3 spell: Tukima's Dance
   935 | D:2      | Reached XP level 4. HP: 39/40 MP: 7/7
  1011 | D:2      | Identified the +0 hat "Himune" {Regen+ rCorr Int-5}
  1269 | D:2      | Found a radiant altar of Vehumet.
  1540 | D:2      | Reached skill level 1 in Hexes
  1611 | D:3      | Reached XP level 5. HP: 43/43 MP: 7/9
  1802 | D:3      | Found a stormy altar of Qazlal.
  2011 | D:3      | Reached skill level 2 in Hexes
  2104 | D:3      | Found a sacrificial altar of Ru.
  2117 | D:3      | Became a worshipper of Ru the Awakened
  2380 | D:3      | Reached XP level 6. HP: 49/51 MP: 11/11
  2393 | D:3      | Found an iron altar of Okawaru.
  2423 | D:4      | Found a snail-covered altar of Cheibriados.
  2454 | D:4      | Reached skill level 3 in Hexes
  2562 | D:4      | Found an opulent altar of Gozag.
  2746 | D:4      | You fall into a shaft and drop 1 floor!
  2746 | D:5      | Entered Level 5 of the Dungeon
  2892 | D:4      | Your scales start taking on an icy white colour.
  2892 | D:4      | Reached XP level 7. HP: 54/59 MP: 13/13
  2892 | D:4      | Gained mutation: Your flesh is cold resistant. (rC+) [White
                  | Draconian growth]
  2983 | D:4      | Found a bloodstained altar of Trog.
  2985 | D:4      | Noticed a wizard
  2990 | D:4      | Killed a wizard
  3368 | D:5      | Reached skill level 4 in Hexes
  3460 | D:5      | Gained mutation: You cannot study or use magical devices.
                  | [Ru sacrifice]
  3460 | D:5      | Reached * piety under Ru
  3460 | D:5      | Reached ** piety under Ru
  3481 | D:5      | Reached skill level 5 in Spellcasting
  3596 | D:5      | Found a staircase to the Ecumenical Temple.
  3642 | D:5      | Reached skill level 5 in Hexes
  4081 | D:5      | Noticed Duvessa
  4081 | D:5      | Noticed Dowan
  4093 | D:5      | Killed Duvessa
  4094 | D:5      | Reached XP level 8. HP: 64/67 MP: 5/16
  4096 | D:5      | Killed Dowan
  4460 | D:6      | Reached skill level 5 in Fighting
  4560 | D:6      | Found Raytah's Antique Armour Shop.
  4597 | D:6      | Bought a glowing cloak for 180 gold pieces
  4597 | D:6      | Bought a pair of gloves for 108 gold pieces
  4742 | D:6      | Reached skill level 5 in Maces & Flails
  4907 | D:6      | Found a burning altar of Makhleb.
  4914 | D:6      | Reached XP level 9. HP: 49/75 MP: 14/17
  5021 | D:6      | Found a glowing drain.
  5026 | Sewer    | Entered a sewer
  5830 | D:6      | Gained mutation: You are missing a hand. [Ru sacrifice]
  5830 | D:6      | Reached *** piety under Ru
  5830 | D:6      | Reached **** piety under Ru
  5830 | D:6      | Reached ***** piety under Ru
  6149 | D:7      | Found a runed translucent gate.
  6151 | D:7      | Found a runed translucent gate.
  6152 | D:7      | Found a runed translucent gate.
  6155 | D:7      | Noticed ouz's ghost (novice DsBr)
  6296 | D:7      | Reached skill level 5 in Dodging
  6607 | D:7      | Found a sparkling altar of Nemelex Xobeh.
  6839 | D:8      | Noticed Grum
  6853 | D:8      | Killed Grum
  7267 | D:8      | Found Kabupyet's Book Boutique.
  7401 | D:8      | Reached XP level 10. HP: 89/89 MP: 6/18
  7674 | D:8      | Found an ornate altar of the Wu Jian Council.
  8021 | D:9      | Noticed a two-headed ogre
  8031 | D:9      | Killed a two-headed ogre
  8168 | D:9      | Noticed gabibbone's ghost (novice TrFi)
  8235 | D:9      | Found a runed translucent door.
  8315 | D:9      | Gained mutation: You occasionally lose the ability to drink
                  | potions when taking damage. [Ru sacrifice]
  8315 | D:9      | Gained mutation: You sometimes lose the ability to drink
                  | potions when taking damage. [Ru sacrifice]
  8315 | D:9      | Reached ****** piety under Ru
  8321 | D:9      | Identified the +8 rapier of Wupnaethroa {protect, Fly rPois
                  | Str+2 Dex+4}
  8611 | D:9      | Reached skill level 1 in Short Blades
  8913 | D:10     | Entered Level 10 of the Dungeon
  9308 | D:10     | Found a hazy altar of Hepliaklqana.
  9443 | D:10     | Reached skill level 10 in Fighting
  9699 | D:11     | Noticed a skeletal warrior
  9699 | D:11     | Noticed a skeletal warrior
  9699 | D:11     | Noticed a skeletal warrior
  9699 | D:11     | Noticed a skeletal warrior
  9762 | D:11     | Reached XP level 11. HP: 99/99 MP: 19/19
  9773 | D:11     | Found a runed translucent gate.
  9773 | D:11     | Found a runed translucent gate.
  9774 | D:11     | Found a runed translucent gate.
  9775 | D:11     | Noticed Lufrif's ghost (novice DsIE)
  9775 | D:11     | Noticed Beffaegu's ghost (journeyman HOFi)
  9866 | D:11     | Noticed a two-headed ogre
  9884 | D:11     | Killed a two-headed ogre
  9999 | D:11     | Noticed a centaur warrior
 10005 | D:11     | Noticed a two-headed ogre
 10025 | D:11     | Killed a centaur warrior
 10026 | D:11     | Reached skill level 5 in Short Blades
 10039 | D:11     | Killed a two-headed ogre
 10417 | D:11     | Killed a skeletal warrior
 10430 | D:11     | Killed a skeletal warrior
 10430 | D:11     | Killed a skeletal warrior
 10704 | D:11     | Killed a skeletal warrior
 10930 | D:11     | Reached skill level 10 in Dodging
 11095 | D:11     | Found a staircase to the Orcish Mines.
 11174 | D:11     | Found a staircase to the Lair.
 11468 | Lair:1   | Entered Level 1 of the Lair of Beasts
 11699 | Lair:1   | Noticed Amaemon
 11718 | Lair:1   | Reached XP level 12. HP: 106/106 MP: 20/20
 11732 | Lair:1   | Killed Amaemon
 11974 | Lair:1   | Reached skill level 10 in Short Blades
 12777 | Lair:2   | Noticed a death yak
 12799 | Lair:2   | Noticed a death yak
 12801 | Lair:2   | Killed a death yak
 12802 | Lair:2   | Noticed a death yak
 12809 | Lair:2   | Noticed a death yak
 12818 | Lair:2   | Killed a death yak
 12822 | Lair:2   | Killed a death yak
 12823 | Lair:2   | Killed a death yak
 12830 | Lair:2   | Noticed an eight-headed hydra
 13079 | Lair:2   | Found a dark tunnel.
 13084 | Volcano  | Entered a volcano
 13515 | Lair:2   | Killed an eight-headed hydra
 13804 | Lair:2   | Found a hole to the Spider Nest.
 14073 | Lair:2   | Found a staircase to the Swamp.
 14514 | Lair:3   | Reached XP level 13. HP: 113/113 MP: 21/21
 14973 | Lair:4   | Found a staircase to the Slime Pits.
 15282 | Lair:4   | Found a transporter.
 15284 | Lair:4   | Found a transporter.
 15286 | Lair:4   | Noticed ouz's ghost (journeyman DsIE)
 15553 | Lair:4   | Identified the +0 scale mail of the Scorching Gods {rElec
                  | rN+}
 15627 | Lair:4   | Noticed Josephine
 15643 | Lair:4   | Killed Josephine
 15644 | Lair:4   | Reached skill level 6 in Hexes
 16093 | Lair:4   | Learned a level 2 spell: Blink
 16098 | Lair:4   | Learned a level 4 spell: Anguish
 16099 | Lair:5   | Entered Level 5 of the Lair of Beasts
 16099 | Lair:5   | Noticed Rupert
 16241 | Lair:5   | Found a runed translucent door.
 16642 | Lair:5   | Reached skill level 1 in Necromancy
 16642 | Lair:5   | Paralysed by a hornet for 2 turns
 17025 | Lair:5   | Reached skill level 7 in Hexes
 17061 | Lair:5   | Identified the ring of Vanity {Ice rN+ Int-2 Stlth+}
 17061 | Lair:5   | Noticed Sonja
 17086 | Lair:5   | Killed Sonja
 17568 | Lair:5   | Killed Rupert
 18150 | Lair:5   | Reached skill level 8 in Hexes
 18150 | Lair:5   | Reached XP level 14. HP: 77/121 MP: 26/26
 18382 | Lair:5   | Reached skill level 5 in Necromancy
 19339 | Orc:1    | Entered Level 1 of the Orcish Mines
 19637 | Orc:2    | Entered Level 2 of the Orcish Mines
 19722 | Orc:2    | Found a staircase to the Elven Halls.
 19909 | Orc:2    | Reached skill level 9 in Hexes
 19931 | Orc:2    | Found Dougug's General Store.
 19931 | Orc:2    | Found Hobbejir's Assorted Antiques.
 20007 | Orc:2    | Found Rebo's Weapon Emporium.
 20007 | Orc:2    | Found Fuuf's Antique Weapon Boutique.
 20014 | Orc:2    | Bought a scroll of teleportation for 39 gold pieces
 20014 | Orc:2    | Bought a potion of lignification for 39 gold pieces
 20014 | Orc:2    | Bought a scroll of identify for 26 gold pieces
 20022 | Orc:2    | Bought a scroll of magic mapping for 187 gold pieces
 20022 | Orc:2    | Bought a scroll of identify for 50 gold pieces
 20079 | Orc:2    | Found a burning altar of Makhleb.
 20180 | Orc:2    | Paralysed by an orc sorcerer for 2 turns
 20837 | Orc:1    | Found Ditioff's Antique Armour Shop.
 20940 | Orc:1    | Bought a pair of boots for 135 gold pieces
 21275 | D:8      | Bought a book of Maledictions for 364 gold pieces
 21283 | D:8      | Learned a level 7 spell: Enfeeble
 21283 | D:8      | Bought a book of the Dragon for 644 gold pieces
 21288 | D:8      | Learned a level 4 spell: Cause Fear
 21420 | D:12     | Reached skill level 10 in Spellcasting
 21663 | D:12     | Reached skill level 10 in Hexes
 22461 | D:13     | Found a gate to the Vaults.
 22923 | D:13     | Reached skill level 11 in Hexes
 23477 | D:14     | Reached XP level 15. HP: 126/126 MP: 29/29
 24484 | D:15     | Entered Level 15 of the Dungeon
 24580 | D:15     | Noticed Agnes
 24582 | D:15     | Noticed Jorgrun
 24589 | D:15     | Killed Agnes
 24591 | D:15     | Killed Jorgrun
 24767 | D:15     | Reached skill level 12 in Hexes
 25935 | D:15     | Found a staircase to the Depths.
 26315 | Elf:1    | Entered Level 1 of the Elven Halls
 26491 | Elf:1    | Reached skill level 13 in Hexes
 26731 | Elf:1    | Found a frozen archway.
 26735 | IceCv    | Entered an ice cave
 27350 | IceCv    | Reached skill level 14 in Hexes
 27350 | IceCv    | Reached XP level 16. HP: 83/107 MP: 32/32
 29399 | Swamp:1  | Entered Level 1 of the Swamp
 29780 | Swamp:1  | Reached skill level 15 in Hexes
 30040 | Swamp:1  | Noticed Frances
 30066 | Swamp:1  | Killed Frances
 30067 | Swamp:1  | Reached skill level 1 in Stealth
 30904 | Swamp:2  | Noticed a thorn hunter
 30926 | Swamp:2  | Killed a thorn hunter
 31508 | Swamp:2  | Noticed a thorn hunter
 31533 | Swamp:2  | Killed a thorn hunter
 31947 | Swamp:3  | Reached skill level 5 in Stealth
 32591 | Swamp:3  | Found a hazy altar of Hepliaklqana.
 32853 | Swamp:4  | Entered Level 4 of the Swamp
 33459 | Swamp:4  | Noticed Louise
 33489 | Swamp:3  | Reached XP level 17. HP: 136/137 MP: 31/34
 33495 | Abyss:2  | Cast into level 2 of the Abyss (Louise)
 33538 | Swamp:4  | Escaped the Abyss
 33559 | Swamp:4  | Killed Louise
 34122 | Swamp:4  | Found a runed translucent gate.
 34123 | Swamp:4  | Found a runed translucent gate.
 34124 | Swamp:4  | Found a runed translucent gate.
 34189 | Swamp:4  | Noticed Iffo Ott's ghost (adept MiBe)
 34917 | Swamp:4  | Noticed a bone dragon
 35793 | Swamp:4  | Killed a bone dragon
 35983 | Swamp:4  | Got a decaying rune of Zot
 36125 | Spider:1 | Entered Level 1 of the Spider Nest
 36285 | Spider:1 | Learned a level 2 spell: Ensorcelled Hibernation
 37532 | Lair:2   | Reached skill level 16 in Hexes
 38274 | Spider:1 | Identified the +7 war axe of Dishonour {vorpal, rElec rN+++
                  | Str-4 Int-4}
 38563 | Spider:2 | Identified a scroll of acquirement
 38564 | Spider:2 | Acquired 798 gold pieces
 38798 | Spider:2 | Paralysed by a hornet for 3 turns
 39028 | Spider:2 | Reached skill level 10 in Stealth
 40294 | Spider:2 | Found a hide-covered altar of Uskayaw.
 40301 | Spider:2 | Reached XP level 18. HP: 154/154 MP: 32/36
 41014 | Spider:3 | Learned a level 5 spell: Freezing Cloud
 41037 | Spider:3 | Reached skill level 1 in Ice Magic
 41722 | Spider:4 | Entered Level 4 of the Spider Nest
 41905 | Spider:4 | Reached skill level 1 in Air Magic
 42772 | Spider:4 | Learned a level 4 spell: Dispel Undead
 43010 | Spider:4 | Identified the +2 pair of gloves "Trusted Companion" {-Cast
                  | Harm rPois rN+}
 43194 | Spider:4 | HP: 10/226 [death scarab (14)]
 43195 | Spider:4 | Slain by a spectral culicivora

Illustrated notes

Levels and vault maps discovered:
D:1:      nicolae_arrival_memento_mori, layout_rooms
D:2:      layout_loops_cross, basic_altar, minmay_cupped
D:3:      minmay_angry_zag, layout_basic, amcnicky_altar_gilded,
          lemuel_doored_altar, okawaru_altar_gauntlet_db
D:4:      layout_loops_ring, grunt_gozag_statues, cheibriados_altar_1,
          trog_wizard
D:5:      layout_basic, minmay_temple_entry_oklob, uniq_duvessa
D:6:      layout_basic, makhleb_grotto_becter, serial_shops,
          nicolae_shop_waterfront, portal_sewer_entry_e,
          dreamdust_princess_bridge
D:7:      kennysheep_six_static_rooms, layout_cave_pools, old_standard_altar,
          gammafunk_ghost_necromancy, patterned_corridor
D:8:      layout_basic, mainiacjoe_overflow_six_doors_small,
          kennysheep_windowed_goal, uniq_grum
D:9:      layout_stronghold, hellmonk_ghost_big_iron
D:10:     layout_loops_ring, nicolae_overflow_hidden_temple,
          mainiacjoe_overflow_surrounded_room
D:11:     layout_loops_ring, david_lair_generic,
          kennysheep_orc_monster_closet_entryway, gammafunk_ghost_cemetery
D:12:     layout_long_grid
D:13:     layout_stronghold, lightli_vaults_fourway_checkpoint,
          hangedman_decor_lopped, minivault_21, hangedman_incinerator
D:14:     layout_roguey, kennysheep_pointless_box, serial_curves,
          eino_curves_01, eino_curves_03, hellmonk_bongcloud_opening
D:15:     grunt_enter_depths_magical_seal, layout_basic, uniq_jorgrun,
          uniq_agnes
Lair:1:   layout_roguey, uniq_amaemon
Lair:2:   layout_regular_city, minmay_swamp_entry_reptiles,
          spider_nest_entry_rubble, enter_volcano_4, guppyfry_lair_drakes,
          grunt_megastairs_1
Lair:3:   layout_misc_corridors, kennysheep_rathole, lemuel_fruit_tree,
          lemuel_fruit_fields
Lair:4:   layout_long_grid, nicolae_slime_entry_slimehenge,
          gammafunk_ghost_hive, minivault_26, uniq_josephine
Lair:5:   wormcave, layout_gridlike, hangedman_lair_tendril_chambers,
          evilmike_ambush [evilmike_ambush_outer_basic,
          evilmike_ambush_inner_basic], uniq_rupert, uniq_sonja
Swamp:1:  layout_basic_swamp, evilmike_swamp_ruin_house_5,
          infiniplex_staircase_pool_2, uniq_frances
Swamp:2:  layout_falls_marsh, evilmike_swamp_ruin_wall
Swamp:3:  layout_basic_swamp, nicolae_swamp_godswood
Swamp:4:  swamp_pestilence, layout_basic_swamp, ebering_ghost_rock_garden,
          swamp_pool1, lightli_tree_ring, uniq_louise
Spider:1: layout_spider_delve, nicolae_crawler_farm
Spider:2: nicolae_spider_corner, nicolae_spider_altar_of_dancing
Spider:3: layout_chambers
Spider:4: floodkiller_spider_rune_tomb, nicolae_spider_orb_run
Orc:1:    layout_caves, serial_shops, nicolae_shop_behind_doors
Orc:2:    grunt_orc_tribal_feast, layout_caves, special_room, basic_altar
Elf:1:    layout_onion_city, gammafunk_ghost_berserking_beasts,
          portal_ice_cave_entry_ugly_swarm, minmay_elf_demonology,
          lemuel_upstairs_altar

Skill      XL: |  1  2  3  4  5  6  7  8  9 10 11 12 13 14 15 16 17 18 |
---------------+-------------------------------------------------------+-----
Fighting       | 3 4 6 8 10 11 13 | 13.3
Hexes          | 1 2 3 5 8 11 14 15 16 | 16.2
Spellcasting   | 3 4 5 8 10 12 13 14 | 14.3
Dodging        | 2 4 6 8 10 | 10.0
Maces & Flails | 4 5 7 8 |  8.2
Short Blades   | 3 9 13 14 | 14.0
Necromancy     | 4 5 |  5.6
Stealth        | 6 10 | 10.0
Ice Magic      | 3 |  3.7
Air Magic      | 2 |  2.9
Conjurations   | 4 |  4.3

Action                   |  1- 3 |  4- 6 |  7- 9 | 10-12 | 13-15 | 16-18 || total
-------------------------+-------+-------+-------+-------+-------+-------++-------
Melee: Mace              |   122 |   136 |       |       |       |       ||   258
       Tailslap          |    10 |    33 |    86 |   175 |   492 |   351 ||  1147
       Punch             |     2 |     2 |     4 |       |       |       ||     8
       Flail             |       |   107 |       |       |       |       ||   107
       Morningstar       |       |    20 |   497 |    83 |       |       ||   600
       Rapier            |       |       |       |   901 |  2202 |  1660 ||  4763
Throw: Throwing net      |       |       |       |       |     1 |       ||     1
 Cast: Kiss of Death     |     1 |     2 |     1 |       |     2 |       ||     6
       Tukima's Dance    |       |     3 |    26 |    66 |    50 |       ||   145
       Momentum Strike   |       |     1 |     6 |     3 |     2 |     1 ||    13
       Anguish           |       |       |       |       |    15 |     2 ||    17
       Enfeeble          |       |       |       |       |       |   151 ||   151
       Cause Fear        |       |       |       |       |       |     7 ||     7
       Ensorcelled Hiber |       |       |       |       |       |   252 ||   252
       Dispel Undead     |       |       |       |       |       |     4 ||     4
Invok: Sacrifice Artific |       |       |     1 |       |       |       ||     1
       Power Leap        |       |       |     1 |     1 |     4 |     7 ||    13
       Sacrifice a Hand  |       |       |     1 |       |       |       ||     1
       Sacrifice Drink   |       |       |       |     1 |       |       ||     1
       Draw Out Power    |       |       |       |     3 |     3 |     8 ||    14
       Apocalypse        |       |       |       |     3 |     6 |     1 ||    10
 Abil: Breathe Frost     |       |       |    10 |    24 |     4 |     3 ||    41
  Use: Scroll            |       |     3 |     7 |    12 |    18 |    10 ||    50
       Potion            |       |       |     8 |       |    10 |     3 ||    21
 Stab: Sleeping          |       |     2 |     1 |       |    11 |   177 ||   191
       Distracted        |       |       |     1 |     8 |    11 |     4 ||    24
       Paralysed         |       |       |     8 |     5 |    18 |     3 ||    34
       Invisible         |       |       |     1 |     5 |    25 |   185 ||   216
       Confused          |       |       |     1 |       |       |       ||     1
       Petrifying        |       |       |       |     1 |       |       ||     1
       Petrified         |       |       |       |       |     5 |       ||     5
       Held in net/web   |       |       |       |       |     3 |       ||     3
Armor: Skin              |    40 |    88 |   140 |   271 |   527 |   776 ||  1842
Dodge: Dodged            |    81 |   199 |   447 |   926 |  1231 |  1091 ||  3975
Block: Other             |       |    20 |   127 |    17 |       |       ||   164
       Reflection        |       |       |     2 |       |       |       ||     2

Table legend: (Time is in decaauts)
 A = Elapsed time spent in this place.
 B = Non-inter-level travel time spent in this place.
 C = Inter-level travel time spent in this place.
 D = Time resting spent in this place.
 E = Time spent auto-exploring this place.
 F = Levels seen in this place.
 G = Mean time per level.
                   A        B        C        D        E       F      G
               +--------+--------+--------+--------+--------+-----+--------+
         Total |  41532 |  39509 |   2023 |  10596 |  17785 |  35 | 1186.6 |
       Dungeon |  16555 |  15546 |   1009 |   1971 |   9719 |  15 | 1103.7 |
          Lair |   8452 |   8111 |    341 |   3085 |   2920 |   5 | 1690.4 |
         Swamp |   6035 |   5718 |    317 |   2509 |   1848 |   4 | 1508.8 |
   Spider Nest |   5673 |   5453 |    220 |   1453 |   2171 |   4 | 1418.2 |
  Orcish Mines |   1844 |   1710 |    134 |    443 |    905 |   2 |  922.0 |
   Elven Halls |    572 |    572 |      0 |     97 |      0 |   1 |  572.0 |
         Abyss |     43 |     43 |      0 |      0 |      0 |   1 |   43.0 |
         Sewer |    397 |    397 |      0 |      0 |    221 |   1 |  397.0 |
      Ice Cave |   1744 |   1744 |      0 |   1038 |      0 |   1 | 1744.0 |
       Volcano |    214 |    214 |      0 |      0 |      0 |   1 |  214.0 |
               +--------+--------+--------+--------+--------+-----+--------+

Top non-repeatable levels by time:
  Lair:5: 2768 daAuts
  Lair:2: 2662 daAuts
 Swamp:4: 2439 daAuts
    D:11: 1943 daAuts
Spider:2: 1920 daAuts
   IceCv: 1744 daAuts
    D:15: 1639 daAuts
 Swamp:3: 1407 daAuts
   Orc:2: 1368 daAuts
  Lair:1: 1306 daAuts
Spider:4: 1276 daAuts
     D:6: 1273 daAuts
Spider:3: 1252 daAuts
  Lair:4: 1240 daAuts
     D:5: 1228 daAuts
